[Event "European Rapid Championship 2021"]
[Site "Katowice"]
[Date "2021.12.19"]
[Round "11.18"]
[White "Andersen, Mads"]
[Black "Przybylski, Wojciech"]
[Result "0-1"]
[ECO "A05"]
[WhiteElo "2574"]
[BlackElo "2321"]
[Annotator "ChessBase"]
[PlyCount "104"]
[EventDate "2021.12.18"]
[EventType "swiss"]
[EventCountry "POL"]
[SourceTitle "playchess.com"]
[Source "ChessBase"]
[SourceQuality "1"]
[TimeControl "900+10"]

1. Nf3 Nf6 2. c4 c6 3. e3 d5 4. Nc3 e6 5. b3 Nbd7 6. Qc2 Bd6 7. Bb2 O-O 8. Be2 Re8 9. d4 dxc4 10. bxc4 e5 11. O-O exd4 12. exd4 Nf8 13. h3 Ng6 14. Rfe1 Bd7 15.
Bf1 Qc7 16. a4 a5 17. Rad1 Rad8 18. Qb3 Bb4 19. Rxe8+ Rxe8 20. Na2 Bd6 21. Nc1 Bf5 22. Nd3 Ne4 23. Re1 Nf6 24. Rd1 Ne4 25. Bc1 h6 26. Re1 Nh4 27. Nfe5 c5 28. f3 Ng3 29. Qb5 Re7 30. Nxc5 f6 31. Ned3 Nxf1 32. Kxf1 Bg3 33. Rxe7 Qxe7 34. Ne4 Bxe4 35. fxe4 Qxe4 36. Qd5+ Qxd5 37. cxd5 Nf5 38. Nc5 b6 39. Ne6 Ne7 40. Ke2 Nxd5 41. Kd3 Kf7 42. Nd8+ Ke7 43. Kc4 Nb4 44. Nb7 Kd7 45. Kb5 Kc7 46. Nxa5 bxa5 47. Bd2 Bd6 48. Bc3 Kb7 49. Kxa5 Nd5 50. Bd2 Kc6 51. Ka6 Nf4 52. a5 Bb8 0-1

[Event "European Rapid Championship 2021"]
[Site "Katowice"]
[Date "2021.12.19"]
[Round "11.18"]
[White "Pacuszka, Tomasz"]
[Black "Savicevs, Arsenijs"]
[Result "0-1"]
[ECO "B20"]
[WhiteElo "2193"]
[BlackElo "1881"]
[Annotator "NA"]
[PlyCount "100"]
[EventDate "2021.12.18"]
[EventType "swiss"]
[EventCountry "POL"]
[SourceTitle "playchess.com"]
[Source "ChessBase"]
[SourceQuality "1"]
[TimeControl "900+10"]

1. e4 c5 2. Be2 e6 3. f4 Nc6 4. Nf3 g6 5. O-O Bg7 6. d3 Nge7 7. c3 d5 8. e5 h5 9. Be3 d4 10. Bf2 Nf5 11. Nbd2 Nce7 12. c4 b6 13. Ne4 Bb7 14. Nfg5 Bh6 15.
Bf3 Bxe4 16. Bxe4 Bxg5 17. fxg5 Rb8 18. b4 Qc7 19. Re1 O-O 20.
Qa4 cxb4 21. Qxb4 Nc6 22. Qb5 Nce7 23. Bf3 Rfc8 24. Re4 Qc5 25. a4 Nc6 26. h3 a6 27. Qxa6 Nb4 28. Qb5 Nxd3 29. g4 Nxf2 30. Kxf2 Qxb5 31. axb5 Ne3 32. Rxd4 Nc2 33. Rdd1 Nxa1 34. Rxa1 Rxc4 35. gxh5 gxh5 36. Bxh5 Rc5 37. Be2 Rxe5 38. h4 Rc8 39. Ra2 Kg7 40. Rd2 Rd5 41. Ra2 f6 42. Ra7+ Kg6 43. Re7 Rd6 44. gxf6 Kxf6 45. Rb7 Rc2 46. Ke3 Rc3+ 47. Kf2 Rh3 48. h5 Rd2 49. Ke1 Ra2 50. Rd7 Rh1+ 0-1

[Event "European Rapid Championship 2021"]
[Site "Katowice"]
[Date "2021.12.19"]
[Round "11.19"]
[White "Niedbala, Bartlomiej"]
[Black "Laurusas, Tomas"]
[Result "1/2-1/2"]
[ECO "A07"]
[WhiteElo "2131"]
[BlackElo "2553"]
[Annotator "ChessBase"]
[PlyCount "107"]
[EventDate "2021.12.18"]
[EventType "swiss"]
[EventCountry "POL"]
[SourceTitle "playchess.com"]
[Source "ChessBase"]
[SourceQuality "1"]
[TimeControl "900+10"]

1. Nf3 Nf6 2. g3 d5 3. Bg2 c6 4. O-O Bg4 5. h3 Bh5 6. d3 e6 7. c4 dxc4 8. dxc4 Qxd1 9. Rxd1 Nbd7 10. Bf4 a5 11. Nc3 Bb4 12. Na4 Bg6 13.
a3 Be7 14. Rd2 Nc5 15. Nxc5 Bxc5 16. Ne5 Be4 17. Nd7 Nxd7 18. Bxe4 a4 19. Rad1 O-O-O 20. h4 h6 21. Bc2 Nb6 22. Rxd8+ Rxd8 23. Rxd8+ Kxd8 24. Be5 f6 25. Bc3 Ke7 26. Kg2 e5 27. e3 e4 28. g4 Bd6 29. c5 Bxc5 30.
Bxe4 Nd7 31. Kf3 Bd6 32. Bc2 Be5 33. Bxa4 Bxc3 34. bxc3 Ne5+ 35. Kf4 Nc4 36. Bc2 Nxa3 37. Bd3 b5 38. Kf5 c5 39. Kg6 Kf8 40. g5 fxg5 41. hxg5 hxg5 42. Kxg5 b4 43. cxb4 cxb4 44. Kg6 b3 45. e4 b2 46. f4 Nc4 47. e5 Ne3 48. Bb1 Nd1 49. f5 Nc3 50.
Bc2 Nd5 51. f6 gxf6 52. exf6 b1=Q 53. Bxb1 Nxf6 54. Kxf6 1/2-1/2

[Event "European Rapid Championship 2021"]
[Site "Katowice"]
[Date "2021.12.19"]
[Round "11.19"]
[White "Rudecki, Bartosz"]
[Black "Liodakis, Konstantinos-Spyros"]
[Result "0-1"]
[ECO "C00"]
[WhiteElo "1820"]
[BlackElo "2114"]
[Annotator "NA"]
[PlyCount "56"]
[EventDate "2021.12.18"]
[EventType "swiss"]
[EventCountry "POL"]
[SourceTitle "playchess.com"]
[Source "ChessBase"]
[SourceQuality "1"]
[TimeControl "900+10"]

1. e4 e6 2. b3 d5 3. Bb2 Nf6 4. e5 Nfd7 5. d4 c5 6. c3 Nc6 7. Nf3 Be7 8. Bd3 O-O 9. Nbd2 f6 10. exf6 Nxf6 11. O-O Bd7 12. Re1 Qc7 13. h3 cxd4 14. cxd4 Rac8 15. Rc1 Qf4 16. Ne5 Bb4 17. Re2 Nxd4 18. Bxd4 Qxd4 19. Ndf3 Qf4 20. Rec2 Rxc2 21. Rxc2 Bd6 22. Qe1 Be8 23. Re2 Bh5 24. g3 Qh6 25. g4 Be8 26. Kg2 Nd7 27. g5 Qh5 28. Ng4 Rxf3 0-1

[Event "European Rapid Championship 2021"]
[Site "Katowice"]
[Date "2021.12.19"]
[Round "11.20"]
[White "Durarbayli, Vasif"]
[Black "Sliwicka, Alicja"]
[Result "1-0"]
[ECO "B20"]
[WhiteElo "2532"]
[BlackElo "2303"]
[Annotator "ChessBase"]
[PlyCount "107"]
[EventDate "2021.12.18"]
[EventType "swiss"]
[EventCountry "POL"]
[SourceTitle "playchess.com"]
[Source "ChessBase"]
[SourceQuality "1"]
[TimeControl "900+10"]

1. e4 c5 2. b3 Nc6 3. Bb2 a6 4. Nf3 d6 5. d4 cxd4 6. Nxd4 Nf6 7. Nxc6 bxc6 8.
e5 Ng4 9. exd6 Qxd6 10. Qxd6 exd6 11. Be2 Be6 12. O-O Nf6 13. Nc3 Be7 14. Rad1 O-O 15. Ba3 Rfd8 16. Bf3 Rac8 17. Na4 Kf8 18. Rfe1 g5 19. Bb4 d5 20. Nc5 g4 21. Nxe6+ fxe6 22. Rxe6 Bxb4 23. Rxf6+ Ke7 24. Rf4 gxf3 25. Rxb4 fxg2 26. Rh4 Kd6 27. Rxh7 Re8 28. Rd2 Re1+ 29. Kxg2 Rg8+ 30. Kh3 Re6 31. Rh4 Rg1 32. f3 Rf1 33. Kg2 Ree1 34. Rg4 c5 35. Rg6+ Ke5 36. Rg5+ Kf4 37. Rg4+ Ke5 38. c3 Rh1 39. Kh3 Rhf1 40. Rg5+ Kf6 41. Rdxd5 Rxf3+ 42. Kg4 Rfe3 43. Rdf5+ Ke6 44. Rxc5 Rh1 45. Kf4 Rd3 46. Ke4 Rdd1 47. Rg6+ Kf7 48. Rg2 Rhe1+ 49. Kf5 Rf1+ 50. Kg5 Kg7 51. h4 Rd7 52. Rf5 Rh1 53. Kf4+ Kh7 54. Rh5# 1-0

[Event "European Rapid Championship 2021"]
[Site "Katowice"]
[Date "2021.12.19"]
[Round "11.20"]
[White "Lach, Mateusz"]
[Black "Sliwicki, Damian"]
[Result "0-1"]
[ECO "E00"]
[WhiteElo "1661"]
[BlackElo "2107"]
[Annotator "NA"]
[PlyCount "62"]
[EventDate "2021.12.18"]
[EventType "swiss"]
[EventCountry "POL"]
[SourceTitle "playchess.com"]
[Source "ChessBase"]
[SourceQuality "1"]
[TimeControl "900+10"]

1. d4 Nf6 2. c4 e6 3. e3 b6 4. Nc3 Bb7 5. a3 d5 6. Nf3 Bd6 7. b4 O-O 8. c5 Be7 9. Ne5 Nfd7 10. Nxd7 Nxd7 11. f4 Bh4+ 12. g3 Bf6 13. Bd3 bxc5 14. bxc5 Nxc5 15. a4 Nxd3+ 16. Qxd3 c5 17. Ba3 Qa5 18. Bxc5 Rfc8 19. Rc1 Rxc5 20. dxc5 d4 21. e4 dxc3 22. e5 Bxh1 23. exf6 c2+ 24. Qd2 Qxd2+ 25. Kxd2 Be4 26. Ke3 Bg6 27. Kd4 Rd8+ 28. Kc4 Rd1 29. c6 Bd3+ 30. Kb4 Rxc1 31. Ka5 Rb1 0-1

[Event "European Rapid Championship 2021"]
[Site "Katowice"]
[Date "2021.12.19"]
[Round "11.21"]
[White "Tazbir, Marcin"]
[Black "Ortega Ruiz, Jose Miguel"]
[Result "1-0"]
[ECO "A20"]
[WhiteElo "2514"]
[BlackElo "2150"]
[Annotator "ChessBase"]
[PlyCount "73"]
[EventDate "2021.12.18"]
[EventType "swiss"]
[EventCountry "POL"]
[SourceTitle "playchess.com"]
[Source "ChessBase"]
[SourceQuality "1"]
[TimeControl "900+10"]

1. c4 e5 2. g3 Nf6 3. Bg2 d5 4. cxd5 Nxd5 5. Nc3 Nb6 6. e3 Be7 7. Nge2 O-O 8. O-O c6 9. f4 exf4 10. Nxf4 N8d7 11. d4 Nf6 12. e4 a5 13. h3 a4 14. Qd3 a3 15. b3 Bb4 16. Bd2 Be6 17. Rad1 Re8 18.
Bc1 Ra5 19. Nxe6 Rxe6 20. e5 Nfd7 21. Ne4 h6 22. Qf3 Qe8 23.
h4 c5 24. Bh3 cxd4 25. Bxe6 Qxe6 26. Rxd4 Bf8 27. Qf5 Rxe5 28.
Qxe6 Rxe6 29. Kg2 Rc6 30. Be3 Rc2+ 31. Rf2 Rc6 32. Rfd2 Re6 33. Bf2 f5 34. Nd6 g6 35. Nxb7 Nf6 36. Rd8 Ne4 37. Nc5 1-0

[Event "European Rapid Championship 2021"]
[Site "Katowice"]
[Date "2021.12.19"]
[Round "11.21"]
[White "Kukula, Pawel"]
[Black "Krawczyk, Wojciech"]
[Result "1-0"]
[ECO "A40"]
[WhiteElo "2088"]
[BlackElo "1868"]
[Annotator "NA"]
[PlyCount "97"]
[EventDate "2021.12.18"]
[EventType "swiss"]
[EventCountry "POL"]
[SourceTitle "playchess.com"]
[Source "ChessBase"]
[SourceQuality "1"]
[TimeControl "900+10"]

1. d4 e6 2. Nf3 b6 3. e4 Bb7 4. Bd3 d6 5. O-O g6 6. c4 Bg7 7. Nc3 h6 8. Be3 Nd7 9. Qd2 e5 10. d5 Ngf6 11. h3 g5 12. Nh2 O-O 13. Be2 Nc5 14. Qc2 Ne8 15.
b4 Nd7 16. Bg4 Ndf6 17. Be2 Bc8 18. c5 Qe7 19. Rfc1 Nxe4 20. Nxe4 f5 21. cxd6 cxd6 22. Nc3 e4 23. Qd2 f4 24. Bd4 f3 25.
Bf1 Nf6 26. Re1 Qf7 27. Rad1 Nh5 28. Bxg7 Qxg7 29. Qd4 Qf7 30. Nxe4 fxg2 31. Bxg2 Qg6 32. Ng4 Bxg4 33. hxg4 Nf4 34. Ng3 Rae8 35. Re3 Qc2 36. Qd2 Qc4 37. Rde1 Rxe3 38. Rxe3 Nxg2 39. Kxg2 Qxg4 40. Qe2 Qf4 41. Re4 Qf7 42. Re6 Rc8 43. Qe4 Rf8 44. Rg6+ Kh8 45. Rxh6+ Kg8 46. Qg6+ Qg7 47. Qxg7+ Kxg7 48. Rxd6 Rf4 49. Nh5+ 1-0

[Event "European Rapid Championship 2021"]
[Site "Katowice"]
[Date "2021.12.19"]
[Round "11.22"]
[White "Mirzoev, Emil"]
[Black "Kubicka, Anna"]
[Result "1-0"]
[ECO "A27"]
[WhiteElo "2418"]
[BlackElo "2273"]
[Annotator "NA"]
[PlyCount "99"]
[EventDate "2021.12.18"]
[EventType "swiss"]
[EventCountry "POL"]
[SourceTitle "playchess.com"]
[Source "ChessBase"]
[SourceQuality "1"]
[TimeControl "900+10"]

1. c4 e5 2. Nc3 Nc6 3. Nf3 g6 4. d4 exd4 5. Nxd4 Bg7 6.
Nxc6 bxc6 7. g3 Nf6 8. Bg2 O-O 9. O-O Bb7 10. Qc2 Qe7 11.
b3 Rfd8 12. Bb2 d5 13. Rfd1 Rab8 14. Na4 Bc8 15. cxd5 cxd5 16. Rac1 Ba6 17. e3 Bb5 18. Nc3 Bc6 19. Ne2 Bb5 20. Nd4 Ne8 21. a4 Bd7 22. Bxd5 Bxd4 23. Rxd4 Bf5 24. Qc3 Nf6 25. Bg2 Rb6 26. Qxc7 Qxc7 27. Rxc7 Rdb8 28. Rd1 Ne8 29. Rxa7 Rxb3 30. Be5 Rb1 31. Rf1 Rxf1+ 32. Kxf1 Rd8 33. Ra8 Bd3+ 34. Ke1 Rxa8 35. Bxa8 f6 36. Bb8 Ba6 37. Kd2 Kf7 38. Kc3 f5 39. Be5 Ke6 40. Kd4 h6 41. Bc6 Nd6 42. Bxd6 Kxd6 43. Be8 g5 44. f4 Bc8 45. Bb5 Bb7 46. Bd3 Bc8 47. a5 Bd7 48.
a6 Ke6 49. Bc4+ Kd6 50. Bd5 1-0

[Event "European Rapid Championship 2021"]
[Site "Katowice"]
[Date "2021.12.19"]
[Round "11.22"]
[White "Jedrusik, Adam"]
[Black "Rigopoulos-Tsigkos, Alexandros"]
[Result "1-0"]
[ECO "D00"]
[WhiteElo "1769"]
[BlackElo "2076"]
[Annotator "NA"]
[PlyCount "111"]
[EventDate "2021.12.18"]
[EventType "swiss"]
[EventCountry "POL"]
[SourceTitle "playchess.com"]
[Source "ChessBase"]
[SourceQuality "1"]
[TimeControl "900+10"]

1. d4 d5 2. Bf4 Nf6 3. e3 c5 4. c3 Nc6 5. Nd2 e6 6. Ngf3 Bd6 7. Bg3 O-O 8. Bb5 a6 9. Bxc6 bxc6 10. Ne5 Qc7 11. Qa4 Bb7 12. O-O Nh5 13. Nd3 Nxg3 14. hxg3 c4 15. Nc5 Bxc5 16. dxc5 e5 17. Qc2 f5 18. b4 Qe7 19. Rfe1 Rae8 20. f4 a5 21. a3 axb4 22. axb4 e4 23.
Kf2 Ra8 24. Qb2 Ba6 25. Ra5 Bb5 26. Rea1 Rxa5 27. Rxa5 g5 28. Nf1 Re8 29. Qe2 Qf7 30. Qd2 Qg7 31. Qd4 Qg6 32. Ra7 h5 33. Qd1 h4 34. gxh4 gxh4 35. g3 h3 36. Nh2 Rf8 37. g4 d4 38. Qxd4 fxg4 39. Kg3 Rf7 40. Qd8+ Kg7 41. Qd4+ Kg8 42. Qd8+ Kg7 43. Qd4+ Kg8 44. Ra8+ Rf8 45. Rxf8+ Kxf8 46. Qd6+ Qxd6 47. cxd6 c5 48. bxc5 Bd7 49. c6 Bf5 50. Nf1 Kf7 51. Nd2 Be6 52. Nxe4 Bd5 53. Ng5+ Ke8 54. c7 Kd7 55. e4 Bg8 56. f5 1-0

[Event "European Rapid Championship 2021"]
[Site "Katowice"]
[Date "2021.12.19"]
[Round "11.23"]
[White "Blohberger, Felix"]
[Black "Koziorowicz, Michal"]
[Result "1/2-1/2"]
[ECO "A80"]
[WhiteElo "2409"]
[BlackElo "2041"]
[Annotator "NA"]
[PlyCount "113"]
[EventDate "2021.12.18"]
[EventType "swiss"]
[EventCountry "POL"]
[SourceTitle "playchess.com"]
[Source "ChessBase"]
[SourceQuality "1"]
[TimeControl "900+10"]

1. d4 f5 2. Nc3 Nf6 3. Bg5 d5 4. Bxf6 exf6 5. e3 c6 6. Bd3 Bd6 7. Qf3 g6 8. h4 h5 9. Nh3 Be6 10. Nf4 Bf7 11. O-O-O Nd7 12. Qe2 Qa5 13. g4 hxg4 14. h5 gxh5 15. Bxf5 O-O-O 16. Qd3 Qc7 17. Be6 Be8 18. Nce2 Kb8 19. Bxg4 Qa5 20. Kb1 Nb6 21. Bxh5 Bd7 22. Bf7 Nc4 23. Ka1 Qb4 24. Qb3 Rxh1 25. Rxh1 Qd2 26. Qd3 Qb4 27. Qb3 Qd2 28. Qc3 Qxc3 29. bxc3 Bf5 30. Bg6 Bg4 31. Bd3 Nd2 32. Kb2 f5 33. Kc1 Ne4 34. Rf1 Ng5 35. c4 dxc4 36. Bxc4 Rh8 37. Bd3 Rh2 38. Kb2 Nf3 39. Kc3 a5 40. Ng3 Bb4+ 41. Kb2 Nd2 42.
Rg1 Rxf2 43. Rg2 Rf3 44. a3 Bd6 45. Nxf5 Bxf5 46. Rxd2 Bxd3 47. Rxd3 Bxf4 48. exf4 Rxf4 49. Kb3 Kc7 50. c3 b5 51. a4 Kb6 52.
Rh3 Rf6 53. Rh5 Rd6 54. Rh8 b4 55. cxb4 Rxd4 56. bxa5+ Kxa5 57. Rh5+ 1/2-1/2

[Event "European Rapid Championship 2021"]
[Site "Katowice"]
[Date "2021.12.19"]
[Round "11.23"]
[White "Krawczyk, Flawian"]
[Black "Kowalczyk, Rafal"]
[Result "0-1"]
[ECO "E15"]
[WhiteElo "2154"]
[BlackElo "2235"]
[Annotator "NA"]
[PlyCount "76"]
[EventDate "2021.12.18"]
[EventType "swiss"]
[EventCountry "POL"]
[SourceTitle "playchess.com"]
[Source "ChessBase"]
[SourceQuality "1"]
[TimeControl "900+10"]

1. d4 Nf6 2. c4 e6 3. Nf3 b6 4. g3 Ba6 5. b3 Bb4+ 6. Bd2 Be7 7. Bg2 O-O 8.
O-O c6 9. Bc3 d5 10. Nbd2 Bb7 11. Qc2 Nbd7 12. Rfd1 Rc8 13. e4 dxe4 14. Ne5 e3 15. fxe3 Nxe5 16. dxe5 Ng4 17. Qe4 Nxe3 18. Re1 Nxg2 19. Kxg2 Qc7 20. Nf3 c5 21. Qg4 Rfd8 22. Re3 Rd7 23. Rae1 Rcd8 24. Kg1 Rd1 25. Qf4 h6 26. h4 Qc6 27. Kf2 R8d3 28. Rxd1 Rxd1 29. Ke2 Qd7 30. Nd2 Rg1 31. Rd3 Re1+ 32. Kxe1 Qxd3 33. Bb2 Qc2 34. Ba3 Qxa2 35. Bc1 Qc2 36. Ba3 g5 37. Qe3 gxh4 38. Qxh6 hxg3 0-1

[Event "European Rapid Championship 2021"]
[Site "Katowice"]
[Date "2021.12.19"]
[Round "11.24"]
[White "Stanisz, Patryk"]
[Black "Gretarsson, Helgi Ass"]
[Result "0-1"]
[ECO "A40"]
[WhiteElo "2125"]
[BlackElo "2476"]
[Annotator "ChessBase"]
[PlyCount "94"]
[EventDate "2021.12.18"]
[EventType "swiss"]
[EventCountry "POL"]
[SourceTitle "playchess.com"]
[Source "ChessBase"]
[SourceQuality "1"]
[TimeControl "900+10"]

1. d4 g6 2. c4 Bg7 3. Nc3 c5 4. Nf3 cxd4 5. Nxd4 Nc6 6. Nxc6 bxc6 7. g3 Qb6 8. Bg2 Qb4 9. Qb3 Rb8 10. O-O Ba6 11. Qc2 Bxc4 12. Be3 a5 13.
Rab1 Nh6 14. Bh3 d5 15. b3 Ba6 16. Nxd5 Qb7 17. Bf4 cxd5 18.
Bxb8 O-O 19. Bf4 e5 20. Bd2 Bxe2 21. Rfe1 Bf3 22. Bg2 Bxg2 23. Kxg2 Nf5 24. Bxa5 Rc8 25. Qd2 d4+ 26. Kg1 e4 27. Rbc1 Re8 28. Rc7 Qd5 29. Qb4 h5 30. Qc4 Qxa5 31. Qxf7+ Kh7 32. Rec1 Re5 33. R7c6 Ne7 34. Rc7 Qa3 35. R1c6 e3 36. Rxe7 exf2+ 37. Kf1 Qxe7 38. Qxg6+ Kh8 39. Rc8+ Bf8 40. Qh6+ Kg8 41. Qg6+ Qg7 42. Qd6 Rf5 43. Qe6+ Qf7 44. Qe4 Qd7 45. Rb8 d3 46. Rb7 Qd5 47. Qxd5+ Rxd5 0-1

[Event "European Rapid Championship 2021"]
[Site "Katowice"]
[Date "2021.12.19"]
[Round "11.24"]
[White "Kalkowski, Igor"]
[Black "Wiewiora, Eneasz"]
[Result "0-1"]
[ECO "B00"]
[WhiteElo "1839"]
[BlackElo "2333"]
[Annotator "NA"]
[PlyCount "72"]
[EventDate "2021.12.18"]
[EventType "swiss"]
[EventCountry "POL"]
[SourceTitle "playchess.com"]
[Source "ChessBase"]
[SourceQuality "1"]
[TimeControl "900+10"]

1. e4 d6 2. Nc3 Nf6 3. Bc4 c6 4. d3 d5 5. Bb3 dxe4 6. Nxe4 Nxe4 7. dxe4 Qxd1+ 8. Kxd1 Nd7 9. Be3 e5 10. Nf3 f6 11. c3 Bc5 12. Ke2 Bxe3 13. Kxe3 Nc5 14. Bc2 Be6 15. b4 Nd7 16. Bb3 Ke7 17. Nd2 Nb6 18. c4 c5 19. b5 Rhd8 20. a4 a5 21. bxa6 Rxa6 22. a5 Rda8 23.
Rab1 Rxa5 24. Bc2 R8a6 25. Bd3 Kd6 26. Rb3 Ra3 27. Rhb1 Rxb3 28. Rxb3 Kc6 29. Be2 Ra4 30. f4 exf4+ 31. Kxf4 Nxc4 32. Nb1 g5+ 33. Kg3 Nd6 34. Re3 Nxe4+ 35. Rxe4 Rxe4 36. Bf3 Bd5 0-1

[Event "European Rapid Championship 2021"]
[Site "Katowice"]
[Date "2021.12.19"]
[Round "11.25"]
[White "Wieczorek, Oskar"]
[Black "Woloch, Oskar"]
[Result "1-0"]
[ECO "C47"]
[WhiteElo "2367"]
[BlackElo "2036"]
[Annotator "NA"]
[PlyCount "107"]
[EventDate "2021.12.18"]
[EventType "swiss"]
[EventCountry "POL"]
[SourceTitle "playchess.com"]
[Source "ChessBase"]
[SourceQuality "1"]
[TimeControl "900+10"]

1. e4 e5 2. Nf3 Nc6 3. Nc3 Nf6 4. a3 d5 5. Bb5 d4 6. Ne2 Bd7 7. Ng3 Bd6 8. O-O h5 9. d3 g6 10. Bg5 Bg4 11. h3 Bxf3 12. Qxf3 Be7 13. c3 dxc3 14. bxc3 Kf8 15. Rfd1 h4 16. Ne2 Rh5 17. Be3 Qe8 18.
Bc4 Kg7 19. d4 Bd6 20. Rab1 exd4 21. cxd4 Qxe4 22. Qxe4 Nxe4 23.
Bd3 Nf6 24. Rxb7 Ra5 25. Nc3 Nd8 26. Rbb1 Rxa3 27. Nb5 Ra4 28. Bc2 Rc4 29. Bd3 Ra4 30. d5 Nxd5 31. Nxd6 cxd6 32. Bd2 Rd4 33. Ba6 Ne6 34. Ba5 Rb8 35. Ra1 Rb3 36. Rxd4 Nxd4 37. Bc4 Nf6 38. Bxb3 Nxb3 39. Ra3 Nc5 40. Bc3 a6 41. Bd4 Ne6 42. Ba1 Nc5 43. Rf3 Nce4 44. Rf4 d5 45. Rxh4 g5 46. Bxf6+ Kxf6 47. Rh6+ Ke5 48. Rxa6 Kd4 49. g3 Kd3 50. h4 gxh4 51. gxh4 Ke2 52. h5 d4 53. Ra4 Ng5 54. Rxd4 1-0

[Event "European Rapid Championship 2021"]
[Site "Katowice"]
[Date "2021.12.19"]
[Round "11.25"]
[White "Jazdanovs, Aleksandrs"]
[Black "Reimanis, Ritvars"]
[Result "0-1"]
[ECO "C67"]
[WhiteElo "2089"]
[BlackElo "2397"]
[Annotator "NA"]
[PlyCount "122"]
[EventDate "2021.12.18"]
[EventType "swiss"]
[EventCountry "POL"]
[SourceTitle "playchess.com"]
[Source "ChessBase"]
[SourceQuality "1"]
[TimeControl "900+10"]

1. e4 e5 2. Nf3 Nc6 3. Bb5 Nf6 4. O-O Nxe4 5. d4 Nd6 6.
dxe5 Nxb5 7. a4 Nbd4 8. Nxd4 Nxd4 9. Qxd4 d5 10. exd6 Qxd6 11. Qe4+ Qe6 12. Nc3 Qxe4 13. Nxe4 Bf5 14. Re1 O-O-O 15. Bf4 Be7 16. c3 Rhe8 17. Ng3 Be6 18. Nh5 Bf8 19. Be5 f6 20. Bd4 a5 21. Nf4 Bb3 22. f3 b6 23. Rxe8 Rxe8 24. Kf2 Kd7 25. Ne2 Bd6 26. Nc1 Bc2 27. g3 h5 28. b3 h4 29. Ra2 hxg3+ 30. hxg3 Bb1 31. Rb2 Bg6 32. Re2 Rxe2+ 33. Nxe2 Bc2 34. b4 axb4 35. cxb4 Bxb4 36. Nf4 Bxa4 37. Nh5 Bf8 38. g4 c5 39. Ba1 Bb3 40. f4 Bf7 41.
Ng3 Bd6 42. Ke3 g5 43. Ne2 gxf4+ 44. Nxf4 Bxf4+ 45. Kxf4 Ke6 46.
g5 fxg5+ 47. Kxg5 Kd5 48. Kf4 b5 49. Ke3 b4 50. Kd2 Kc4 51.
Kc2 Bg6+ 52. Kb2 Kd3 53. Kb3 Bf7+ 54. Ka4 Kc4 55. Bf6 Be8+ 56. Ka5 b3 57. Bb2 Bd7 58. Ba1 Be6 59. Ka4 Kd3 60. Ka3 Kc2 61. Be5 c4 0-1

[Event "European Rapid Championship 2021"]
[Site "Katowice"]
[Date "2021.12.19"]
[Round "11.26"]
[White "Baum, Jonasz"]
[Black "Vidruska, Renate"]
[Result "1-0"]
[ECO "C28"]
[WhiteElo "2343"]
[BlackElo "1993"]
[Annotator "NA"]
[PlyCount "45"]
[EventDate "2021.12.18"]
[EventType "swiss"]
[EventCountry "POL"]
[SourceTitle "playchess.com"]
[Source "ChessBase"]
[SourceQuality "1"]
[TimeControl "900+10"]

1. e4 e5 2. Nc3 Nf6 3. Bc4 Nc6 4. d3 Bc5 5. Bg5 h6 6. Bh4 Na5 7. Nf3 g5 8. Bg3 Nxc4 9. dxc4 d6 10. Qd3 Be6 11. O-O-O Nh5 12. Nxe5 Qf6 13. Nf3 Nf4 14. Bxf4 Qxf4+ 15. Kb1 Bxf2 16. Rhf1 Qe3 17. Nd5 Bxd5 18. Qxd5 Qb6 19. Qf5 Be3 20. Ne5 O-O 21. Nd7 Qc6 22. Nf6+ Kg7 23. Qh7# 1-0

[Event "European Rapid Championship 2021"]
[Site "Katowice"]
[Date "2021.12.19"]
[Round "11.26"]
[White "Papasimakopoulos, Alexandros"]
[Black "Smieszek, Wojciech"]
[Result "1/2-1/2"]
[ECO "A61"]
[WhiteElo "2274"]
[BlackElo "2033"]
[Annotator "NA"]
[PlyCount "133"]
[EventDate "2021.12.18"]
[EventType "swiss"]
[EventCountry "POL"]
[SourceTitle "playchess.com"]
[Source "ChessBase"]
[SourceQuality "1"]
[TimeControl "900+10"]

1. d4 Nf6 2. c4 c5 3. d5 e6 4. Nc3 exd5 5. cxd5 d6 6. Nf3 g6 7. Bf4 Bg7 8.
Qa4+ Bd7 9. Qb3 Qc7 10. e4 O-O 11. Be2 Nh5 12. Be3 f5 13.
exf5 gxf5 14. Nd2 f4 15. Bxc5 f3 16. Bxf3 Qxc5 17. Bxh5 Qxf2+ 18. Kd1 Qxg2 19. Re1 Na6 20. Nce4 Rac8 21. Qxb7 Bg4+ 22. Bxg4 Qxg4+ 23. Re2 Nc5 24. Nxc5 Rxc5 25. Qb3 Re8 26. Qf3 Qg1+ 27. Qf1 Qxf1+ 28. Nxf1 Rxe2 29. Kxe2 Rc2+ 30. Kf3 Rxb2 31.
Rc1 Rxa2 32. Ne3 Ra3 33. Rc8+ Kf7 34. Ke4 Ra1 35. Nc4 Re1+ 36. Kf3 Be5 37. Rc7+ Kg6 38. Rxa7 Bxh2 39. Ra6 Rd1 40. Ne3 Rb1 41. Ng4 Rb3+ 42. Ke4 Rb4+ 43. Kf3 Rb3+ 44. Ke4 Rb4+ 45. Kf3 Bf4 46. Nf2 Kf5 47. Nd3 Rb3 48. Ke2 Be5 49. Ra7 h6 50. Rh7 Kg6 51. Re7 Kf6 52. Re6+ Kg5 53. Nxe5 dxe5 54. d6 Rb8 55. Ke3 Kf5 56. Rxh6 Rb3+ 57. Ke2 Rb7 58. Kd3 Kg5 59. Re6 Kf5 60. Re7 Rb6 61. d7 Rd6+ 62. Ke3 Kf6 63. Rh7 Kg6 64. Rh8 Rxd7 65. Ke4 Kf6 66. Rh6+ Kg5 67. Re6 1/2-1/2

[Event "European Rapid Championship 2021"]
[Site "Katowice"]
[Date "2021.12.19"]
[Round "11.27"]
[White "Lubczynski, Rafal"]
[Black "Grzesik, Gracjan"]
[Result "1-0"]
[ECO "A05"]
[WhiteElo "2289"]
[BlackElo "1992"]
[Annotator "NA"]
[PlyCount "63"]
[EventDate "2021.12.18"]
[EventType "swiss"]
[EventCountry "POL"]
[SourceTitle "playchess.com"]
[Source "ChessBase"]
[SourceQuality "1"]
[TimeControl "900+10"]

1. Nf3 Nf6 2. c4 e6 3. g3 b6 4. Bg2 Bb7 5. O-O c5 6. d4 d6 7. Nc3 cxd4 8. Qxd4 Be7 9. Rd1 a6 10. Be3 Nbd7 11. Qd2 Qc7 12. Bf4 e5 13. Be3 O-O 14. Rac1 Rac8 15. Nh4 g6 16. Bh6 Rfe8 17. Nf5 Bxg2 18. Kxg2 Qb7+ 19. f3 Rc6 20. Qg5 Bd8 21. Nxd6 Rxd6 22. Rxd6 Ne4 23. Rxd7 Qxd7 24. Qe3 Nxc3 25. Rxc3 f5 26. Qd3 Qc7 27. Qd5+ Kh8 28. c5 bxc5 29. Rxc5 Qe7 30. Rc8 Bc7 31. Qc5 Bd6 32. Qxd6 1-0

[Event "European Rapid Championship 2021"]
[Site "Katowice"]
[Date "2021.12.19"]
[Round "11.27"]
[White "Brzezinski, Mateusz"]
[Black "Szpar, Milosz"]
[Result "0-1"]
[ECO "A64"]
[WhiteElo "2187"]
[BlackElo "2315"]
[Annotator "NA"]
[PlyCount "88"]
[EventDate "2021.12.18"]
[EventType "swiss"]
[EventCountry "POL"]
[SourceTitle "playchess.com"]
[Source "ChessBase"]
[SourceQuality "1"]
[TimeControl "900+10"]

1. d4 Nf6 2. Nf3 e6 3. c4 c5 4. d5 d6 5. Nc3 exd5 6. cxd5 g6 7. g3 Bg7 8. Bg2 O-O 9. O-O a6 10. a4 Nbd7 11. Nd2 Re8 12. Re1 b6 13.
Nc4 Ne5 14. Nxe5 Rxe5 15. e4 Re8 16. h3 Rb8 17. Bf1 Qc7 18.
Qd3 Bb7 19. Be3 Re7 20. f4 Qd7 21. Bf2 Qe8 22. Bg2 Nd7 23.
e5 dxe5 24. d6 Re6 25. Bxb7 Rxb7 26. Qxa6 Rb8 27. Qd3 exf4 28.
gxf4 Rd8 29. Nb5 Nf6 30. Rxe6 Qxe6 31. Re1 Qd7 32. Bh4 Re8 33. Rxe8+ Nxe8 34. Be7 Bxb2 35. Kh2 Bf6 36. Qe4 Bxe7 37. dxe7 f6 38. Kg3 Kf7 39. Nc3 Nd6 40. Qd5+ Kxe7 41. Kf2 Qxh3 42. Ne2 Qe6 43. Qa8 Ne4+ 44. Kf3 Qh3+ 0-1